 Dungeon Crawl Stone Soup version 0.27-a0-1242-ge70438ac7b (webtiles) character file.

Game seed: 7145277475965689275

242 Glokmah the Sneak (level 5, -5/29 HPs)
             Began as a Vampire Enchanter on June 9, 2021.
             Slain by a scorpion (6 damage)
             ... on level 3 of the Dungeon.
             The game lasted 00:07:34 (4026 turns).

Glokmah the Sneak (Vampire Enchanter)               Turns: 4026, Time: 00:07:34

Health: -5/29      AC:  5    Str:  7      XL:     5   Next: 82%
Magic:  1/9        EV: 11    Int: 17      God:
Gold:   68         SH:  0    Dex: 15 (16) Spells: 3/9 levels left

rFire    . . .     SeeInvis +   a - +1 dagger
rCold    + + .     Faith    .   (no shield)
rNeg     + + +     Spirit   .   c - +0 leather armour
rPois    ∞         Reflect  .   i - +0 helmet
rElec    .         Harm     .   (no cloak)
rCorr    .         Rampage  .   f - +0 pair of gloves
Will     .....                  (no boots)
Stlth    +++++.....             (no amulet)
HPRegen  0.00/turn              k - ring of poison resistance
MPRegen  0.11/turn              (no ring)

@: very slightly contaminated, bloodless
A: bloodless, fangs 3, see invisible, vampiric 2
a: Bat Form, Revivify


You were on level 3 of the Dungeon.
You visited 1 branch of the dungeon, and saw 4 of its levels.

You collected 68 gold pieces.

Inventory:

Hand Weapons
 a - a +1 dagger (weapon)
 b - a +2 whip of electrocution
 g - a +0 hunting sling
 u - a +0 arbalest
Missiles
 d - 40 stones (quivered)
 n - 2 throwing nets
Armour
 c - a +0 leather armour (worn)
 f - a +0 pair of gloves (worn)
 i - a +0 helmet (worn)
Magical Staves
 e - a staff of cold
Jewellery
 k - a ring of poison resistance (left hand)
Scrolls
 h - a scroll of immolation {unknown}
 j - 2 scrolls of identify {unknown}
 m - 2 scrolls of amnesia {unknown}
 o - a scroll of silence {unknown}
 p - a scroll of enchant armour {unknown}
 r - a scroll of fear {unknown}
 s - 2 scrolls of teleportation {unknown}
Potions
 l - a potion of brilliance {unknown}
 q - a potion of lignification {unknown}
 t - a potion of haste {unknown}


   Skills:
 + Level 1.6 Fighting
 * Level 3.4 Short Blades
 - Level 2.1 Dodging
 + Level 5.5 Stealth
 + Level 2.8 Spellcasting
 + Level 5.4 Hexes
 + Level 1.5 Ice Magic
 + Level 0.7 Invocations


You had 3 spell levels left.
You knew the following spells:

 Your Spells              Type           Power      Damage    Failure   Level
a - Corona                Hex            22%        N/A       3%          1
b - Ensorcelled Hibernat  Hex/Ice        28%        N/A       10%         2
c - Confusing Touch       Hex            20%        N/A       9%          3

Your spell library contained the following spells:

 Spells                   Type           Power      Damage    Failure   Level
 Tukima's Dance           Hex            20%        N/A       9%          3
 Summon Small Mammal      Summ           8%         N/A       26%         1
 Dazzling Flash           Conj/Hex       22%        N/A       26%         3
 Summon Guardian Golem    Hex/Summ       11%        N/A       26%         3
 Call Imp                 Summ           2%         N/A       38%         2
 Call Canine Familiar     Summ           2%         N/A       63%         3
 Summon Ice Beast         Ice/Summ       4%         N/A       89%         4
 Summon Lightning Spire   Summ/Air       2%         N/A       95%         4


Dungeon Overview and Level Annotations

Branches:
Dungeon (4/15)
 Temple: D:4-7

Altars:
Vehumet


Innate Abilities, Weirdness & Mutations

You do not regenerate when monsters are visible.
You are frail without blood (-20% HP).
You can heal yourself when you bite living creatures.
You are immune to poison.
You have razor-sharp teeth.
You have supernaturally acute eyesight. (SInv)
You are afflicted with vampirism and can become a bat while bloodless.


Message History

Casting: Ensorcelled Hibernation (safe; 10% risk of failure)
Confirm with . or Enter, or press ? or * to list all spells.
Aiming: Ensorcelled Hibernation (safe; 10% risk of failure)
Press: ? - help, Shift-Dir - straight line, f/p - scorpion
Aim: a scorpion (chance to affect: 45%)
You miscast Ensorcelled Hibernation.
You are very lightly contaminated with residual magic.
Nothing appears to happen.
The scorpion stings you.
Unknown command.
Casting: Ensorcelled Hibernation (safe; 10% risk of failure)
Confirm with . or Enter, or press ? or * to list all spells.
Aiming: Ensorcelled Hibernation (safe; 10% risk of failure)
Press: ? - help, Shift-Dir - straight line, f/p - scorpion
Aim: a scorpion (chance to affect: 45%)
The scorpion resists with some effort.
The scorpion barely misses you.
Casting: Ensorcelled Hibernation (safe; 10% risk of failure)
Confirm with . or Enter, or press ? or * to list all spells.
Aiming: Ensorcelled Hibernation (safe; 10% risk of failure)
Press: ? - help, Shift-Dir - straight line, f/p - scorpion
Aim: a scorpion (chance to affect: 45%)
You miscast Ensorcelled Hibernation.
Nothing appears to happen.
The scorpion closely misses you. The scorpion stings you!
There is a stone staircase leading up here.
The scorpion closely misses you.
You climb upwards.
There is a stone staircase leading down here.
The scorpion stings you but does no damage.
Casting: Ensorcelled Hibernation (safe; 10% risk of failure)
Confirm with . or Enter, or press ? or * to list all spells.
Aiming: Ensorcelled Hibernation (safe; 10% risk of failure)
Press: ? - help, Shift-Dir - straight line, f - scorpion
Aim: a scorpion (chance to affect: 45%)
You miscast Ensorcelled Hibernation.
Nothing appears to happen.
The scorpion stings you!
* * * LOW HITPOINT WARNING * * *
The scorpion stings you.
* * * LOW HITPOINT WARNING * * *
The scorpion stings you.
You die...

##.....#........#.##..# #.#.# #
##.###.#........#.##..# #.#.#
.......#........#.##..####.#.####
##.##..#........#.##.............
#.##...........#....#####.#.####
##.##..##########.#### #.......
..................###############
##>..............................
##.............s@.....#..........
.....#.#########......###########
##.#.#.........#......# ######
#.#.#.#######.#......######.....
#......# #.#.................
###.#.#######w#......######.....
#...........#......# #.....
###.#######.#......# #..... #...#
#<#.##.### ####.....


You could see a scorpion.

Vanquished Creatures
  An ogre (D:2)
  An iguana (D:3)
  3 gnolls (D:2)
  3 adders
  2 worms
  A dart slug (D:3)
  An orc (D:3)
  2 endoplasms
  3 goblins (D:2)
  5 hobgoblins (D:1)
  13 jackals
  6 quokkas
  3 ball pythons
  6 bats
  11 kobolds
  2 rats
63 creatures vanquished.

Notes
Turn   | Place    | Note
-------+----------+-------------------------------------------
     0 | D:1      | Glokmah the Vampire Enchanter began the quest for the Orb.
     0 | D:1      | Reached XP level 1. HP: 13/13 MP: 3/3
   156 | D:1      | Reached XP level 2. HP: 17/19 MP: 3/5
   174 | D:1      | Learned a level 2 spell: Ensorcelled Hibernation
   277 | D:1      | Found a faded altar of an unknown god.
   670 | D:1      | Gained mutation: You are afflicted with vampirism and can
                  | become a bat while bloodless. [Vampire growth]
   670 | D:1      | Reached XP level 3. HP: 25/25 MP: 6/6
  1236 | D:2      | Reached skill level 1 in Fighting
  1236 | D:2      | Reached skill level 5 in Stealth
  1236 | D:2      | Reached skill level 5 in Hexes
  1282 | D:2      | Reached XP level 4. HP: 18/25 MP: 1/7
  1938 | D:3      | Noticed an ogre
  2383 | D:3      | Found a radiant altar of Vehumet.
  2485 | D:3      | Reached skill level 1 in Ice Magic
  2609 | D:3      | Learned a level 3 spell: Confusing Touch
  3100 | D:2      | Killed an ogre
  3101 | D:2      | Reached XP level 5. HP: 12/29 MP: 3/9
  4021 | D:3      | HP: 1/29 [scorpion (1)]
  4026 | D:3      | Slain by a scorpion

Illustrated notes

Levels and vault maps discovered:
D:1:      sevenhm_arrival_forest_fort_small_4, layout_loops_ring,
          hellmonk_ecumenical_altar_slurped_away, minmay_misc_feat_hallway
D:2:      layout_rooms
D:3:      cheibrodos_helix_gallery, layout_basic, vehumet_crystals
D:4:      layout_loops_corners, nicolae_kikubaaqudgha_miasma_corner,
          amcnicky_altar_gilded, eino_tiny_chamber, minivault_26

Skill      XL: |  1  2  3  4 |
---------------+-------------+-----
Short Blades   | 2 3 |  3.4
Fighting       | 1 |  1.6
Stealth        | 5 |  5.5
Hexes          | 5 |  5.4
Ice Magic      | 1 |  1.5
Dodging        | |  2.1
Spellcasting   | |  2.8
Invocations    | |  0.7

Action                   |  1- 3 |  4- 6 || total
-------------------------+-------+-------++-------
Melee: Dagger            |   129 |    63 ||   192
       Bite              |     8 |     6 ||    14
Throw: Stone             |     1 |       ||     1
 Cast: Corona            |     3 |       ||     3
       Ensorcelled Hiber |     8 |    33 ||    41
 Abil: Exsanguinate      |     1 |       ||     1
       End Transformatio |       |     1 ||     1
       Bat Form          |       |     1 ||     1
 Stab: Sleeping          |    13 |    25 ||    38
Armor: Robe              |     8 |       ||     8
       Leather armour    |    39 |    29 ||    68
Dodge: Dodged            |    91 |    57 ||   148

Table legend: (Time is in decaauts)
 A = Elapsed time spent in this place.
 B = Non-inter-level travel time spent in this place.
 C = Inter-level travel time spent in this place.
 D = Time resting spent in this place.
 E = Time spent auto-exploring this place.
 F = Levels seen in this place.
 G = Mean time per level.
                   A        B        C        D        E       F      G
               +--------+--------+--------+--------+--------+-----+--------+
         Total |   3998 |   3734 |    264 |    930 |   1892 |   4 |  999.5 |
       Dungeon |   3998 |   3734 |    264 |    930 |   1892 |   4 |  999.5 |
               +--------+--------+--------+--------+--------+-----+--------+

Top non-repeatable levels by time:
     D:2: 1658 daAuts
     D:3: 1271 daAuts
     D:1: 1060 daAuts
     D:4: 8 daAuts
